 Dungeon Crawl Stone Soup version 0.27.0-1-g7a089689b8 (webtiles) character file.

Game seed: 6140666867506787441

180836 gimp the Peltast (level 17, -6/243 HPs)
             Began as a Minotaur Berserker on Aug 1, 2021.
             Was the Champion of Trog.
             Succumbed to a ghost moth's poison
             ... on level 4 of the Spider Nest.
             The game lasted 00:34:23 (23227 turns).

gimp the Peltast (Minotaur Berserker)              Turns: 23227, Time: 00:34:24

Health: -6/243     AC: 36    Str: 42      XL:     17   Next: 65%
Magic:  0/16       EV: 10    Int:  3 (4)  God:    Trog [******]
Gold:   1565       SH: 26    Dex:  7 (10) Spells: 16/16 levels left

rFire    + . .     SeeInvis .   a - +3 broad axe (flame)
rCold    + + .     Faith    .   r - +1 tower shield {rC+}
rNeg     . . .     Spirit   .   F - +10 plate armour of the Hot Ocelot {rPois Dex+2}
rPois    +         Reflect  .   U - +2 hat of Eternal Night {rPois}
rElec    .         Harm     +   D - +0 cloak {Will+}
rCorr    +         Rampage  .   V - +1 pair of gloves {Str+3}
Will     ++++.                  f - +0 pair of boots "Nibrea Naew" {Harm Str+5 Dex+2}
Stlth    ..........             e - amulet of regeneration
HPRegen  2.50/turn              u - ring of the Garden {rPois rC+ rCorr Str+6 Dex-5}
MPRegen  0.15/turn              H - ring of protection from fire

@: berserking, lethally poisoned (-6 -> -28), strong-willed (expiring),
regenerating (expiring), very quick
A: horns 2, retaliatory headbutt
a: Renounce Religion, Berserk, Trog's Hand, Brothers in Arms


You were on level 4 of the Spider Nest.
You worshipped Trog.
Trog was exalted by your worship.
You visited 4 branches of the dungeon, and saw 27 of its levels.
You also visited: Sewer, Gauntlet, Ice Cave and Volcano.

You collected 3331 gold pieces.
You spent 1766 gold pieces at shops.

Inventory:

Hand Weapons
 a - a +3 broad axe of flaming (weapon)
 b - a +2 vorpal broad axe
Missiles
 C - 76 poisoned darts (quivered)
 M - 2 curare-tipped darts
 P - 2 throwing nets
 Q - 5 silver javelins
 W - 9 javelins
Armour
 f - the +0 pair of boots "Nibrea Naew" (worn) {Harm Str+5 Dex+2}
   (You found it on level 5 of the Lair of Beasts)

   Str:       It affects your strength (+5).
   Dex:       It affects your dexterity (+2).
   Harm:      It increases damage dealt and taken.
 r - a +1 tower shield of cold resistance (worn)
 D - a +0 cloak of willpower (worn)
 F - the +10 plate armour of the Hot Ocelot (worn) {rPois Dex+2}
   (You bought it in a shop on level 13 of the Dungeon)

   Dex:       It affects your dexterity (+2).
   rPois:     It protects you from poison.
 U - the +2 hat of Eternal Night (worn) {rPois}
   (You found it in a Gauntlet)

   rPois:     It protects you from poison.
 V - a +1 pair of gloves of strength (worn)
Jewellery
 e - an amulet of regeneration (around neck)
 o - a +6 ring of strength
 s - a ring of resist corrosion
 u - the ring of the Garden (left hand) {rPois rC+ rCorr Str+6 Dex-5}
   (You found it in an ice cave)

   [ring of poison resistance]

   Str:       It affects your strength (+6).
   Dex:       It affects your dexterity (-5).
   rC:        It protects you from cold.
   rPois:     It protects you from poison.
   rCorr:     It protects you from acid and corrosion.
 w - a ring of positive energy
 E - a ring of flight
 H - a ring of protection from fire (right hand)
 J - a ring of protection from fire
Wands
 G - a wand of iceblast (48)
 I - a wand of acid (16)
 O - a wand of flame (11)
 T - a wand of charming (8)
 X - a wand of digging (1)
Scrolls
 h - 13 scrolls of identify {unknown}
 i - 3 scrolls of fear {unknown}
 j - 3 scrolls of magic mapping {unknown}
 l - 2 scrolls of immolation
 m - a scroll of fog {unknown}
 p - 2 scrolls of enchant armour {unknown}
 x - a scroll of brand weapon {unknown}
 y - a scroll of enchant weapon {unknown}
 K - 2 scrolls of teleportation {unknown}
Potions
 c - 6 potions of might
 d - a potion of berserk rage {unknown}
 g - 11 potions of curing
 k - 7 potions of flight {unknown}
 n - 12 potions of heal wounds {unknown}
 q - 3 potions of brilliance {unknown}
 t - 3 potions of lignification {unknown}
 v - 3 potions of attraction {unknown}
 z - 3 potions of mutation {unknown}
 A - 2 potions of resistance {unknown}
 B - 4 potions of invisibility {unknown}
 L - 2 potions of magic {unknown}
 R - 2 potions of haste {unknown}
 Z - 7 potions of ambrosia
Miscellaneous
 N - a phial of floods
 S - a condenser vane (inert)
 Y - a box of beasts


   Skills:
 + Level 17.4 Fighting
 - Level 18.0 Axes
 - Level 17.0 Armour
 - Level 11.0 Dodging
 + Level 18.9 Shields
 + Level 8.0 Evocations


You had 16 spell levels left.
You didn't know any spells.
Your spell library was empty.

Dungeon Overview and Level Annotations

Branches:
Dungeon (15/15)            Temple (0/1) D:7            Lair (6/6) D:8
 Shoals (0/4) Lair:3       Spider (4/4) Lair:4        Slime (0/5) Lair:6
    Orc (2/2) D:11            Elf (0/3) Orc:2        Vaults (0/5) D:14
  Sewer (visited)           IceCv (visited)         Volcano (visited)
Gauntlet (visited)
 Depths: D:15

Altars:
Elyvilon
Gozag
Makhleb
Xom
Yredelemnul
Jiyva

Shops:
D:1 :(   D:3 (   D:5 [:([(   D:12 *   D:13 *[   Orc:2 (*[=

Annotations:
D:9 3 runed translucent doors, ZombieSheep's ghost, novice SpHu
D:12 3 runed translucent doors, Netaeli's ghost, journeyman SpVM
D:15 Rupert
Spider:4 1 runed translucent door, SweetAndFullOfGrace's ghost, adept MiBe


Innate Abilities, Weirdness & Mutations

You have a pair of horns on your head.
You reflexively headbutt those who attack you in melee.


Message History

Your shield prevents you from hitting something.
You headbutt something. You slash something! You burn something.
Trog accepts your kill.
Reactivating autopickup.
You feel a bit more experienced.
* * * LOW HITPOINT WARNING * * *
You feel extremely sick.
The hornet is engulfed in poison gas.
The hornet looks even sicker.
You feel you are being watched by something.
You feel your power leaking away. You block something's attack.
Deactivating autopickup; reactivate with Ctrl-A.
Something hits you.
* * * LOW HITPOINT WARNING * * *
Something stings you but does no damage.
Your Evocations skill increases to level 8!
You take 21 damage, and have 33/162 hp.
You now have 0/16 mp.
Your deep troll goes berserk!
* * * LOW HITPOINT WARNING * * *
You feel extremely sick. Trog accepts your kill.
You feel a bit more experienced. You block something's attack.
Something hits you but does no damage. Something stings you.
* * * LOW HITPOINT WARNING * * *
You take 18 damage, and have 15/162 hp.
You swap places.
* * * LOW HITPOINT WARNING * * *
You feel extremely sick.
Your deep troll barely misses something.
Your deep troll claws something.
Your deep troll claws something but does no damage.
You feel you are being watched by something.
Something closely misses your deep troll.
Something hits your deep troll but does no damage.
Something stings your deep troll but does no damage.
You see here a +0 dagger.
You take 13 damage, and have 2/162 hp.
A red film seems to cover your vision as you go berserk!
You feel yourself moving faster!
You feel mighty!
You die...

##### #...### ####
#####....^#######≈≈###
###^≈......≈..≈.#†≈≈...#
######^.....##.≈##....†≈≈..##
###≈≈≈#(...#.≈##..###...≈##.##
.≈≈≈≈≈≈...#####.@.# ##≈..≈###
..≈##.....# #§T## #..†≈#
####.....## #§{# ##≈..##
####...### .§##§ ##...##
##.≈..## #.§☼ §. ####..≈#
#≈....# +^[. §§. #..#≈..#
...≈≈#### ### #####.≈≈≈..###
...≈≈≈..# ############^≈≈≈....##
.≈###...###^..##....###..##....#


You could see a friendly deep troll (summoned, berserk).

Vanquished Creatures
  Arachne (Spider:1)
  Kirke (D:15)
  3 ghost moths
  2 orc warlords
  2 emperor scorpions
  Louise (D:15)
  4 ghouls
  2 dire elephants (Spider:1)
  3 entropy weavers
  4 spark wasps
  An ettin (Orc:2)
  Josephine (D:13)
  Fannar (D:11)
  Erolcha (D:9)
  7 hydras
  An ice dragon (IceCv)
  2 boulder beetles
  3 catoblepae
  2 ogre magi
  A merfolk avatar (Lair:6)
  A dancing weapon (Volcano)
  11 two-headed ogres
  2 centaur warriors (D:14)
  17 death yaks
  2 tengu warriors
  3 orc high priests (Orc:2)
  A deep elf knight (Spider:1)
  A fire crab (Lair:6)
  12 skeletal warriors
  A fire crab (shapeshifter) (D:15)
  2 sea snakes (Lair:6)
  6 wizards
  An obsidian statue (Gauntlet)
  2 deep elf archers
  2 deep elf pyromancers (D:14)
  A lindwurm (Lair:6)
  3 deep elf zephyrmancers (D:14)
  Pikel (D:8)
  2 harpies (Lair:6)
  4 orc knights
  12 orb spiders
  26 wolf spiders
  2 ugly things (D:12)
  4 orc sorcerers (Orc:2)
  3 cyclopes
  A manticore (D:13)
  A merfolk siren (Lair:3)
  5 toenail golems (Volcano)
  A moth of wrath (Spider:2)
  15 elephants
  5 black mambas
  2 torpor snails (Spider:1)
  2 ice statues (IceCv)
  Maurice (D:13)
  A gargoyle (D:14)
  4 cane toads
  Psyche (D:9)
  Maggie (D:10)
  14 demonic crawlers
  An efreet (D:12)
  5 yaktaurs (D:14)
  3 komodo dragons
  2 freezing wraiths (D:14)
  8 rime drakes
  A guardian mummy (D:13)
  3 tengu conjurers
  2 queen bees
  2 ice devils (Lair:4)
  10 hornets
  7 trolls
  2 polar bears (Lair:6)
  A raiju (Spider:1)
  28 jumping spiders
  Grinder (D:3)
  17 blink frogs
  A meliai zombie (D:13)
  4 slime creatures (D:14)
  13 dream sheep
  37 tarantellas
  Sigmund (D:3)
  A vampire (D:9)
  66 redbacks
  2 spriggans (shapeshifter)
  2 shadows
  3 wyverns
  5 wraiths (D:13)
  54 yaks
  3 water elementals (D:15)
  7 hogs (D:15)
  5 basilisks
  Menkaure (D:4)
  4 steam dragons (Lair:6)
  6 vampire mosquitoes
  A warg (Orc:2)
  17 water moccasins
  A swamp drake (D:11)
  2 ice beasts
  A black bear (D:7)
  37 orc warriors
  4 ogres
  36 wolves
  17 centaurs
  A phantom (D:4)
  A lemure (D:8)
  13 bullfrogs
  A gnoll sergeant (D:9)
  6 scorpions
  6 lindwurm simulacra (IceCv)
  26 killer bees
  A wight (D:7)
  6 howler monkeys
  7 electric eels
  11 centaur zombies
  5 komodo dragon simulacra (IceCv)
  14 orc priests
  A gnoll shaman (D:5)
  5 hounds
  2 centaur skeletons
  20 orc wizards
  An iguana (D:6)
  Ijyb (D:3)
  Terence (D:2)
  A howler monkey zombie (D:9)
  2 mummies (D:13)
  2 howler monkey skeletons (D:7)
  5 acid dragon simulacra (IceCv)
  8 adders
  14 gnolls
  A shadow imp (D:6)
  A white imp (D:8)
  5 steam dragon simulacra (IceCv)
  7 worms
  2 dart slugs
  74 orcs
  4 endoplasms
  7 giant cockroaches
  6 goblins
  10 hobgoblins
  10 jackals
  8 quokkas
  9 ball pythons
  5 bats
  10 frilled lizards
  5 kobolds
  A quokka skeleton (D:4)
  3 rats
972 creatures vanquished.

Vanquished Creatures (collateral kills)
  A minotaur (Gauntlet)
1 creature vanquished.

Vanquished Creatures (others)
  37 fungi
  43 plants
  A withered plant (D:13)
81 creatures vanquished.

Grand Total: 1054 creatures vanquished

Notes
Turn   | Place    | Note
-------+----------+-------------------------------------------
     0 | D:1      | gimp the Minotaur Berserker began the quest for the Orb.
     0 | D:1      | Reached XP level 1. HP: 19/19 MP: 0/0
   225 | D:1      | Found Muwirepu's Weapon Boutique.
   236 | D:1      | Reached XP level 2. HP: 27/27 MP: 1/1
   608 | D:1      | Found Wuhuqid's Book Shoppe.
   829 | D:1      | Found a faded altar of an unknown god.
   916 | D:2      | Reached XP level 3. HP: 28/33 MP: 2/2
   998 | D:2      | Found a shimmering altar of Xom.
  1099 | D:1      | Bought a +0 hand axe of venom for 61 gold pieces
  1212 | D:2      | Noticed Terence
  1220 | D:2      | Killed Terence
  1221 | D:2      | Reached skill level 5 in Axes
  1221 | D:2      | Reached XP level 4. HP: 34/41 MP: 3/3
  1551 | D:2      | Reached ** piety under Trog
  1796 | D:3      | Noticed Ijyb
  1803 | D:3      | Killed Ijyb
  1829 | D:3      | Found Ysenupsi's Weapon Emporium.
  1832 | D:3      | Reached XP level 5. HP: 45/47 MP: 4/4
  2170 | D:3      | Noticed Sigmund
  2205 | D:3      | Killed Sigmund
  2206 | D:3      | Reached skill level 5 in Fighting
  2206 | D:3      | Reached XP level 6. HP: 56/56 MP: 5/5
  2307 | D:3      | Noticed Grinder
  2328 | D:3      | Killed Grinder
  2329 | D:3      | Reached XP level 7. HP: 62/62 MP: 6/6
  2496 | D:4      | Reached skill level 5 in Armour
  2839 | D:4      | Noticed Menkaure
  2847 | D:4      | Killed Menkaure
  3115 | D:5      | Entered Level 5 of the Dungeon
  3127 | D:5      | Found Uril's Antique Armour Emporium.
  3251 | D:5      | Reached XP level 8. HP: 71/71 MP: 7/7
  3290 | D:5      | Found Xalymut's Book Shoppe.
  3470 | D:5      | Found Orheag's Armour Boutique.
  3513 | D:5      | Reached *** piety under Trog
  3608 | D:5      | Found a burning altar of Makhleb.
  3746 | D:5      | Found Ina Vurah's Weapon Emporium.
  3827 | D:5      | Found Siotiohu's Antique Weapon Emporium.
  3907 | D:5      | Bought a runed kite shield for 195 gold pieces
  4037 | D:6      | Reached skill level 1 in Shields
  4049 | D:6      | Reached skill level 10 in Axes
  4059 | D:6      | Reached XP level 9. HP: 48/81 MP: 8/8
  4070 | D:6      | Found a glowing drain.
  4085 | Sewer    | Entered a sewer
  4598 | D:6      | Found a white marble altar of Elyvilon.
  4782 | D:6      | Noticed a two-headed ogre
  4785 | D:6      | Killed a two-headed ogre
  4850 | D:6      | Reached **** piety under Trog
  5241 | D:7      | Identified the +2 robe "Uhaq" {rN+++ Will- Slay+6 Archmagi}
  5482 | D:7      | Reached skill level 5 in Shields
  5510 | D:7      | Found a shimmering altar of Xom.
  5512 | D:7      | Found a basalt altar of Yredelemnul.
  5595 | D:7      | Found a staircase to the Ecumenical Temple.
  5609 | D:7      | Reached XP level 10. HP: 91/91 MP: 9/9
  5727 | D:8      | Found a staircase to the Lair.
  5872 | D:8      | Noticed Pikel
  5880 | D:8      | Reached ***** piety under Trog
  5882 | D:8      | Killed Pikel
  6385 | D:9      | Noticed Erolcha
  6401 | D:9      | Killed Erolcha
  6523 | D:9      | Noticed Psyche
  6527 | D:9      | Noticed a two-headed ogre
  6535 | D:9      | Killed Psyche
  6540 | D:9      | Killed a two-headed ogre
  6703 | D:9      | Found a runed translucent gate.
  6704 | D:9      | Found a runed translucent gate.
  6705 | D:9      | Found a runed translucent gate.
  6707 | D:9      | Noticed ZombieSheep's ghost (novice SpHu)
  7095 | D:10     | Entered Level 10 of the Dungeon
  7095 | D:10     | Noticed Maggie
  7105 | D:10     | Killed Maggie
  7106 | D:10     | Reached XP level 11. HP: 80/97 MP: 10/10
  7462 | D:10     | Noticed a two-headed ogre
  7466 | D:10     | Killed a two-headed ogre
  7467 | D:10     | Reached skill level 15 in Axes
  8309 | D:11     | Noticed Fannar
  8312 | D:11     | Found a staircase to the Orcish Mines.
  8320 | D:11     | Killed Fannar
  8383 | D:11     | Received a gift from Trog
  8390 | D:11     | Reached skill level 10 in Shields
  8536 | D:12     | Noticed a white ugly thing
  8546 | D:12     | Killed a white ugly thing
  8685 | D:12     | Noticed a two-headed ogre
  8691 | D:12     | Killed a two-headed ogre
  8817 | Lair:1   | Entered Level 1 of the Lair of Beasts
  8817 | Lair:1   | Found a gate leading to a gauntlet.
  8827 | Gauntlet | Entered a Gauntlet
  8827 | Gauntlet | Found a transporter.
  8832 | Gauntlet | Noticed a catoblepas
  8836 | Gauntlet | Found a transporter.
  8851 | Gauntlet | Found a transporter.
  8856 | Gauntlet | Found a transporter.
  8868 | Gauntlet | Noticed a blizzard demon
  8871 | Gauntlet | Found a transporter.
  8891 | Gauntlet | Found a transporter.
  8891 | Gauntlet | Noticed an obsidian statue
  8903 | Gauntlet | Found a transporter.
  8904 | Gauntlet | Noticed a balrug
  8915 | Gauntlet | Found a transporter.
  8915 | Gauntlet | Noticed an obsidian statue
  8923 | Gauntlet | Noticed a sixfirhy
  8926 | Gauntlet | Noticed a sixfirhy
  8926 | Gauntlet | Noticed a sixfirhy
  8927 | Gauntlet | Found a transporter.
  8929 | Gauntlet | Noticed a sixfirhy
  8939 | Gauntlet | Found a transporter.
  8941 | Gauntlet | Found the +7 mace of Variability {chain chaos}
  8956 | Gauntlet | Found a transporter.
  8974 | Gauntlet | Found a transporter.
  8976 | Gauntlet | Found a transporter.
  8994 | Gauntlet | Noticed a tengu warrior
  9013 | Gauntlet | Found a transporter.
  9015 | Gauntlet | Found a transporter.
  9017 | Gauntlet | Found a transporter.
  9048 | Gauntlet | Killed a tengu warrior
  9061 | Gauntlet | Reached XP level 12. HP: 104/104 MP: 11/11
  9071 | Gauntlet | Found a transporter.
  9089 | Gauntlet | Found a transporter.
  9216 | Gauntlet | Identified the +2 hat of Eternal Night {rPois}
  9285 | Gauntlet | Noticed a minotaur
  9294 | Gauntlet | Killed a minotaur
  9697 | Lair:1   | Noticed an eight-headed hydra
  9703 | Lair:1   | Killed a five-headed hydra
  9995 | Lair:2   | Noticed a six-headed hydra
 10003 | Lair:2   | Killed a two-headed hydra
 10885 | Lair:3   | Received a gift from Trog
 10928 | Lair:3   | Noticed a four-headed hydra
 10935 | Lair:3   | Killed a one-headed hydra
 10936 | Lair:3   | Reached XP level 13. HP: 113/113 MP: 12/12
 10949 | Lair:3   | Found a staircase to the Shoals.
 11043 | Lair:3   | Reached skill level 10 in Fighting
 11045 | Lair:3   | Reached skill level 10 in Armour
 11295 | Lair:4   | Found a frozen archway.
 11314 | IceCv    | Entered an ice cave
 11482 | IceCv    | Identified the ring of the Garden {rPois rC+ rCorr Str+6
                  | Dex-5}
 11554 | IceCv    | Found the +7 Spriggan's Knife {stab, EV+4 Stlth+}
 11817 | D:1      | Bought a manual of Armour for 800 gold pieces
 12016 | Lair:4   | Received a gift from Trog
 12039 | Lair:3   | Reached skill level 5 in Dodging
 12160 | Lair:4   | Found a hole to the Spider Nest.
 12305 | Lair:4   | You fall into a shaft and drop 1 floor!
 12332 | Lair:5   | Identified the +0 pair of boots "Nibrea Naew" {Harm Str+5
                  | Dex+2}
 12427 | Lair:5   | Reached XP level 14. HP: 94/125 MP: 13/13
 12450 | Lair:5   | Found a dark tunnel.
 12462 | Volcano  | Entered a volcano
 12583 | Volcano  | Identified the +0 barding of Feysch {Dex+3}
 13788 | Lair:6   | Entered Level 6 of the Lair of Beasts
 13918 | Lair:6   | Received a gift from Trog
 13968 | Lair:6   | Found a viscous altar of Jiyva.
 13970 | Lair:6   | Found a staircase to the Slime Pits.
 13992 | Lair:6   | Reached skill level 15 in Shields
 13993 | Lair:6   | Reached skill level 15 in Armour
 14958 | Orc:1    | Entered Level 1 of the Orcish Mines
 15048 | Orc:1    | Reached XP level 15. HP: 137/137 MP: 14/14
 15281 | Orc:1    | Noticed an orc warlord
 15296 | Orc:1    | Killed an orc warlord
 15499 | Orc:2    | Entered Level 2 of the Orcish Mines
 15514 | Orc:2    | Found Hiovuske's General Store.
 15547 | Orc:2    | Reached ****** piety under Trog
 15563 | Orc:2    | Found a staircase to the Elven Halls.
 15567 | Orc:2    | Bought a potion of curing for 45 gold pieces
 15627 | Orc:2    | Found Meucrusishi's Antique Weapon Boutique.
 15783 | Orc:2    | Found Fediusut's Antique Armour Emporium.
 15836 | Orc:2    | Noticed an orc warlord
 15877 | Orc:2    | Killed an orc warlord
 15958 | Orc:2    | Found Eqibluf's Jewellery Boutique.
 16915 | D:12     | Found a runed translucent gate.
 16915 | D:12     | Found an opulent altar of Gozag.
 16915 | D:12     | Found a runed translucent gate.
 16915 | D:12     | Noticed a fire giant
 16916 | D:12     | Found a runed translucent gate.
 16916 | D:12     | Noticed Netaeli's ghost (journeyman SpVM)
 16917 | D:12     | Found Onaoleos's Assorted Antiques.
 16997 | D:13     | Received a gift from Trog
 17082 | D:13     | Found Rackoli's Retail Resort.
 17087 | D:13     | Found Jukhlip's Antique Armour Boutique.
 17091 | D:13     | Noticed Maurice
 17094 | D:13     | Noticed Josephine
 17096 | D:13     | Killed Maurice
 17106 | D:13     | Killed Josephine
 17107 | D:13     | Reached skill level 15 in Fighting
 17150 | D:13     | Bought a heavily runed plate armour for 532 gold pieces
 17150 | D:13     | Identified the +10 plate armour of the Hot Ocelot {rPois
                  | Dex+2} (You bought it in a shop on level 13 of the Dungeon)
 17167 | D:13     | Bought a glowing hat for 133 gold pieces
 17890 | D:14     | Reached skill level 10 in Dodging
 17954 | D:14     | Received a gift from Trog
 18041 | D:14     | Reached XP level 16. HP: 149/149 MP: 15/15
 18190 | D:14     | Found a gate to the Vaults.
 18487 | D:15     | Entered Level 15 of the Dungeon
 18487 | D:15     | Noticed Kirke
 18495 | D:15     | Noticed a sphinx
 18496 | D:15     | Reached skill level 1 in Evocations
 18502 | D:15     | Killed Kirke
 18661 | D:15     | Noticed Louise
 18669 | D:15     | Killed Louise
 18706 | D:15     | Noticed Rupert
 18883 | Spider:1 | Entered Level 1 of the Spider Nest
 19144 | Spider:1 | Identified the +3 pair of boots of Rayruv {rF- rCorr Str+8
                  | Int-3}
 19390 | Spider:1 | Received a gift from Trog
 20022 | Spider:2 | Noticed Arachne
 20035 | Spider:1 | Killed Arachne
 20036 | Spider:1 | Reached skill level 5 in Evocations
 20584 | Spider:2 | Received a gift from Trog
 20585 | Spider:2 | Reached XP level 17. HP: 119/159 MP: 16/16
 22341 | Spider:4 | Entered Level 4 of the Spider Nest
 22427 | Spider:4 | Received a gift from Trog
 22509 | Spider:4 | Found a runed translucent door.
 22509 | Spider:4 | Noticed SweetAndFullOfGrace's ghost (adept MiBe)
 22879 | Spider:4 | Received a gift from Trog
 23226 | Spider:4 | HP: 2/162 [poisoned by a ghost moth]
 23227 | Spider:4 | Succumbed to a ghost moth's poison

Illustrated notes

Levels and vault maps discovered:
D:1:      amcnicky_arrival_blooded_trapdoor, layout_loops_ring,
          shapermc_ecumenical_altar_petra, serial_shops, nicolae_diamond_shop,
          nicolae_shop_trees, minmay_unequal
D:2:      layout_loops_ring, basic_altar, uniq_terence
D:3:      layout_basic, serial_shops, shop_statue, uniq_sigmund, uniq_grinder,
          uniq_ijyb
D:4:      layout_basic, uniq_menkaure
D:5:      layout_loops_ring, mainiacjoe_overflow_tiny_flanked, serial_shops,
          shop, nicolae_shop_window_shopping, nicolae_lakefront_shop,
          nicolae_take_the_stairs, shop
D:6:      layout_loops_corners, mainiacjoe_overflow_alcove_4,
          portal_sewer_entry_f, minmay_fractal_squares_gapless_5
D:7:      layout_basic, jmf_multi_god_temple,
          minmay_temple_entry_statues_pillars
D:8:      layout_loops_ring, lair_entry_dummy, uniq_pikel
D:9:      layout_basic, gammafunk_ghost_spectres, uniq_psyche, uniq_erolcha
D:10:     layout_loops_cross, uniq_maggie
D:11:     layout_irregular_city, erik_orc_1, uniq_fannar
D:12:     layout_roguey, ebering_ghost_gozag
D:13:     layout_long_grid, serial_shops, nicolae_shop_stone, serial_undead,
          serial_undead_b, serial_undead_c, serial_undead_d, serial_undead_a,
          serial_undead_d, nicolae_alphabet_shops, uniq_maurice, uniq_josephine
D:14:     layout_small_grid, hangedman_vaults_entry_quadrant_bands, hex_tiny
D:15:     hangedman_depths_entry_try_elsewhere_first, layout_basic,
          minivault_14, uniq_rupert, uniq_kirke, uniq_louise
Lair:1:   layout_gridlike, special_room [special_room_bee],
          gauntlet_entry_generic, serial_bayou_lake_a
Lair:2:   layout_gridlike
Lair:3:   layout_misc_corridors, minmay_shoals_entry_lonely_mermaid
Lair:4:   layout_regular_city, nicolae_spider_entry_non_spiders,
          portal_ice_cave_demonic_guard
Lair:5:   layout_loops_ring, enter_volcano_1
Lair:6:   gammafunk_lair_ancient_temple, layout_cave_pods, slime_altar_1,
          grunt_forest_large_clearings
Spider:1: layout_chambers, beargit_elvish_explorers
Spider:2: layout_chambers, hive_lemuel, uniq_arachne
Spider:3: layout_chambers, hangedman_spider_tarantella_strand
Spider:4: spider_rune_water, ebering_ghost_inner_flame, nicolae_spider_nook
Orc:1:    layout_diamond_mine, minmay_orc_barracks
Orc:2:    grunt_orc_gardens, layout_diamond_mine, grunt_orc_garden,
          grunt_orc_garden, grunt_orc_garden, grunt_orc_garden

Skill      XL: |  1  2  3  4  5  6  7  8  9 10 11 12 13 14 15 16 17 |
---------------+----------------------------------------------------+-----
Axes           | 4 5 6 7 8 10 11 14 16 18 | 18.0
Fighting       | 4 5 6 7 9 11 13 15 16 17 | 17.4
Armour         | 3 4 5 7 8 9 12 15 17 | 17.0
Shields        | 2 5 8 10 12 13 15 16 18 | 18.9
Dodging        | 3 5 7 10 11 | 11.0
Evocations     | 5 8 |  8.0

Action                   |  1- 3 |  4- 6 |  7- 9 | 10-12 | 13-15 | 16-18 || total
-------------------------+-------+-------+-------+-------+-------+-------++-------
Melee: Hand axe          |    53 |    71 |   252 |   134 |       |       ||   510
       Headbutt          |     6 |    13 |    72 |   128 |   194 |   168 ||   581
       War axe           |       |       |       |   334 |   793 |   200 ||  1327
       Broad axe         |       |       |       |       |       |   413 ||   413
Invok: Berserk           |       |     2 |     4 |     8 |     2 |     1 ||    17
       Trog's Hand       |       |     2 |     1 |     4 |    11 |     9 ||    27
       Brothers in Arms  |       |       |       |     1 |       |     1 ||     2
Evoke: Wand              |       |       |       |     5 |       |     2 ||     7
       Condenser vane    |       |       |       |       |       |     1 ||     1
 Stab: Distracted        |       |       |       |     1 |       |       ||     1
       Confused          |       |       |       |     1 |       |       ||     1
       Petrified         |       |       |       |       |     2 |       ||     2
Armor: Animal skin       |    10 |       |       |       |       |       ||    10
       Scale mail        |       |    28 |    26 |       |       |       ||    54
       Plate armour      |       |       |    82 |   191 |   246 |   391 ||   910
       Chain mail        |       |       |       |       |   101 |       ||   101
Dodge: Dodged            |    57 |    28 |    83 |   103 |   163 |   194 ||   628
Block: Kite shield       |       |       |    92 |   300 |    22 |       ||   414
       Tower shield      |       |       |       |       |   887 |   924 ||  1811
